 Dungeon Crawl Stone Soup version 0.29.1-15-g9cfb28693d (webtiles) character file.

Game seed: 5082063866148914425

2200 safid the Frost Mage (level 9, 0/68 (72) HPs)
             Began as a Merfolk Ice Elementalist on Apr 28, 2023.
             Slain by a killer bee (8 damage)
             ... on level 8 of the Dungeon.
             The game lasted 00:16:57 (11169 turns).

safid the Frost Mage (Merfolk Ice Elementalist)    Turns: 11169, Time: 00:16:58

HP:   0/68 (72)     AC:  5    Str:  8    XL:     9   Next: 34%
MP:   16/19         EV: 12    Int: 24    God:
Gold: 469           SH:  0    Dex: 15    Spells: 14/21 levels left

rFire   . . .      SeeInvis .   t - +2 spear (venom)
rCold   . . .      Faith    .   (no shield)
rNeg    . . .      Spirit   .   a - +0 robe
rPois   .          Reflect  .   B - +0 helmet
rElec   .          Harm     .   g - +0 cloak
rCorr   .          Rampage  .   x - +0 pair of gloves
Will    .....                   (no boots)
Stlth   ++........              (no amulet)
HPRegen 0.21/turn               C - +6 ring of intelligence
MPRegen 0.16/turn               (no ring)

@: lethally poisoned (0 -> -27), freezing walls, drained
A: (nimble swimmer 2), mertail
a: no special abilities


You were on level 8 of the Dungeon.
You visited 2 branches of the dungeon, and saw 9 of its levels.

You collected 469 gold pieces.

Inventory:

Hand Weapons
 t - a +2 spear of venom (weapon)
Armour
 a - a +0 robe (worn)
 g - a +0 cloak (worn)
 x - a +0 pair of gloves (worn)
 B - a +0 helmet (worn)
Jewellery
 C - a +6 ring of intelligence (left hand)
Wands
 m - a wand of charming (12)
 q - a wand of iceblast (14)
 r - a wand of mindburst (18)
Scrolls
 c - 2 scrolls of enchant weapon
 e - a scroll of immolation {unknown}
 f - 2 scrolls of enchant armour
 h - a scroll of amnesia {unknown}
 j - 2 scrolls of magic mapping
 k - 4 scrolls of vulnerability {unknown}
 l - 6 scrolls of identify
 n - 2 scrolls of silence {unknown}
 o - 2 scrolls of poison {unknown}
 u - a scroll of noise {unknown}
 y - a scroll of teleportation {unknown}
Potions
 b - a potion of magic
 d - 5 potions of curing {unknown}
 i - a potion of haste {unknown}
 p - 2 potions of flight {unknown}
 s - a potion of brilliance {unknown}
 v - a potion of mutation {unknown}
 w - a potion of cancellation {unknown}
 z - a potion of lignification {unknown}
 A - a potion of heal wounds {unknown}


   Skills:
 + Level 7.5 Fighting
 - Level 2.6 Dodging
 - Level 2.1 Stealth
 + Level 6.6 Spellcasting
 + Level 8.9 Ice Magic


You had 14 spell levels left.
You knew the following spells:

 Your Spells              Type           Power      Damage    Failure   Level
a - Freeze                Ice            100%       1d11      1%          1
b - Frozen Ramparts       Ice            100%       1d16      1%          3
c - Ozocubu's Armour      Ice            50%        N/A       1%          3

Your spell library contained the following spells:

 Spells                   Type           Power      Damage    Failure   Level
 Ensorcelled Hibernation  Hex/Ice        58%        N/A       1%          2
 Passwall                 Tmut/Erth      6%         N/A       11%         2
 Hailstorm                Conj/Ice       29%        3d8       12%         4
 Gell's Gravitas          Tloc           8%         N/A       22%         3
 Lesser Beckoning         Tloc           8%         N/A       22%         3
 Swiftness                Air            8%         N/A       22%         3
 Teleport Other           Tloc           8%         N/A       22%         3
 Animate Armour           Summ/Erth      16%        N/A       58%         4
 Alistair's Intoxication  Tmut/Pois      5%         N/A       90%         5
 Blade Hands              Tmut           4%         N/A       90%         5
 Borgnjor's Vile Clutch   Necr/Erth      4%         N/A       90%         5
 Conjure Ball Lightning   Conj/Air       4%         3x3d6     100%        6
 Eringya's Noxious Bog    Tmut/Pois      4%         N/A       100%        6
 Iron Shot                Conj/Erth      4%         9d2       100%        6
 Discord                  Hex            4%         N/A       100%        8
 Disjunction              Tloc           4%         N/A       100%        8


Dungeon Overview and Level Annotations

Branches:
Dungeon (7/15)             Temple (1/1) D:6

Altars:
Ashenzari
Cheibriados
Dithmenos
Fedhas
Hepliaklqana
Kikubaaqudgha
Makhleb
Nemelex Xobeh
Okawaru
Ru
Trog
Uskayaw
Wu Jian
Xom
Yredelemnul

Annotations:
D:3 exclusion: door
D:4 3 runed translucent doors, sirrilothe2nd's ghost, amateur TrBe
D:6 3 runed translucent doors, Horez's ghost, amateur DrBe


Innate Abilities, Weirdness & Mutations

((You are very nimble when in or above water. (Stealth+, EV+, Speed+++)))
Your lower body shifts to a powerful aquatic tail in water.


Message History

The killer bee stings you.
You are more poisoned.
The killer bee poisons you!
The orc wizard casts a spell.
The orc wizard flickers and vanishes!
Deactivating autopickup; reactivate with Ctrl-A.
An orc comes into view. It is wielding a +0 flail.
You miss the killer bee.
The killer bee is moderately wounded.
You feel very sick. The killer bee stings you.
You are more poisoned.
The killer bee poisons you!
The wall freezes the killer bee.
The killer bee stings you!
The wall freezes the killer bee.
The killer bee stings you but does no damage. x2
You closely miss the killer bee.
The killer bee is heavily wounded.
You feel very sick.
The killer bee stings you. x2; The wall freezes the killer bee.
The killer bee misses you.
The wall freezes the killer bee but does no damage.
The killer bee barely misses you.
The wall freezes the killer bee.
The killer bee stings you. x3
* * * LOW HITPOINT WARNING * * *
An orc comes into view.
It is wielding a +0 whip of electrocution.
You are too injured to fight recklessly!
Unknown command.
You barely miss the killer bee.
The killer bee is severely wounded.
You feel very sick.
The wall freezes the killer bee!
The killer bee stings you.
* * * LOW HITPOINT WARNING * * *
You are lethally poisoned!
The killer bee poisons you! The killer bee stings you.
* * * LOW HITPOINT WARNING * * *
You are more poisoned.
The killer bee poisons you!
The wall freezes the killer bee.
You kill the killer bee!
The killer bee barely misses you. The killer bee stings you!
You die...

########## #### #o
#.....#..# ...#..#
#.....#..#######y...o..
#.....#........@y......
#.....#.......yyy......
#.....'................
##.....#....###.....###.
......##....# #.....#
......+...............
......#...........)...#
......#............./.#
......#...##.##...##.##


You could see 5 killer bees and 2 orcs.

Vanquished Creatures
  Pikel (D:5)
  A water moccasin (D:6)
  An orc warrior (D:7)
  A sky beast (D:7)
  An ogre (D:7)
  A kobold brigand (D:6)
  2 bullfrogs
  3 scorpions
  A necrophage (D:6)
  4 wights (D:7)
  A killer bee (D:8)
  A howler monkey (D:5)
  A crimson imp (D:5)
  A lava snake (D:7)
  A hound (D:7)
  A jelly (D:6)
  An orc priest (D:6)
  Terence (D:3)
  3 iguanas
  6 orc wizards
  8 gnolls
  5 adders
  A white imp (D:5)
  A worm (D:2)
  A dart slug (D:1)
  37 orcs
  8 ball pythons
  4 bats
  10 endoplasms
  9 giant cockroaches
  23 goblins
  16 hobgoblins
  11 kobolds
  2 quokkas
  3 frilled lizards
  4 rats
176 creatures vanquished.

Notes
Turn   | Place    | Note
-------+----------+-------------------------------------------
     0 | D:1      | safid the Merfolk Ice Elementalist began the quest for the
                  | Orb.
     0 | D:1      | Reached XP level 1. HP: 13/13 MP: 3/3
   231 | D:1      | Reached XP level 2. HP: 16/20 MP: 5/5
   244 | D:1      | Reached skill level 1 in Fighting
  1290 | D:1      | Found a faded altar of an unknown god.
  1391 | D:2      | Reached XP level 3. HP: 26/26 MP: 6/6
  1425 | D:2      | Learned a level 3 spell: Frozen Ramparts
  2260 | D:2      | Reached skill level 5 in Ice Magic
  2260 | D:2      | Reached XP level 4. HP: 30/33 MP: 5/8
  2332 | D:2      | Learned a level 3 spell: Ozocubu's Armour
  2528 | D:3      | Noticed Terence
  2546 | D:3      | Killed Terence
  2648 | D:3      | Reached XP level 5. HP: 9/39 MP: 6/9
  3215 | D:3      | Found a sacrificial altar of Ru.
  3294 | D:3      | Found a burning altar of Makhleb.
  3297 | D:3      | Found a blossoming altar of Fedhas.
  4618 | D:3      | Reached XP level 6. HP: 24/47 MP: 7/11
  4952 | D:3      | Noticed a water moccasin
  5056 | D:4      | Noticed sirrilothe2nd's ghost (amateur TrBe)
  5181 | D:4      | Reached skill level 6 in Ice Magic
  5217 | D:4      | Found a snail-covered altar of Cheibriados.
  5246 | D:4      | Found an iron altar of Okawaru.
  5345 | D:4      | Found a runed translucent gate.
  5345 | D:4      | Found a runed translucent gate.
  5345 | D:4      | Found a runed translucent gate.
  5388 | D:4      | Reached XP level 7. HP: 51/54 MP: 6/13
  6328 | D:5      | Entered Level 5 of the Dungeon
  6363 | D:5      | Noticed Pikel
  6384 | D:5      | Killed Pikel
  6385 | D:5      | Reached skill level 5 in Fighting
  6385 | D:5      | Reached skill level 5 in Spellcasting
  6385 | D:5      | Reached skill level 7 in Ice Magic
  6385 | D:5      | Reached XP level 8. HP: 27/62 MP: 0/15
  7281 | D:5      | Found a sparkling altar of Nemelex Xobeh.
  8073 | D:6      | Found a staircase to the Ecumenical Temple.
  8770 | D:6      | Reached skill level 8 in Ice Magic
  8924 | Temple   | Entered the Ecumenical Temple
  9275 | D:6      | Noticed Horez's ghost (amateur DrBe)
  9275 | D:6      | Noticed a shadow
  9292 | D:6      | Found a runed translucent gate.
  9292 | D:6      | Found a runed translucent gate.
  9294 | D:6      | Found a runed translucent gate.
  9842 | D:7      | Reached XP level 9. HP: 44/71 MP: 11/18
 11116 | D:7      | You fall into a shaft and drop 1 floor!
 11169 | D:8      | Slain by a killer bee

Illustrated notes

Levels and vault maps discovered:
D:1:      minmay_arrival_solitary_statue, layout_loops_ring,
          shapermc_ecumenical_altar_notcrosses, dk_noncrumbling_2
D:2:      layout_basic
D:3:      minmay_goblin_kobold_castle, layout_basic, nicolae_ru_path_of_blood,
          nicolae_overflow_squiral, uniq_terence
D:4:      layout_basic, mainiacjoe_overflow_surrounded_room, okawaru_gym_becter,
          gammafunk_ghost_split, minmay_fractal_squares_5
D:5:      layout_gridville, nemelex_xobeh_ov_fountains_minmay,
          minmay_fire_ice_demons, uniq_pikel
D:6:      layout_basic, minmay_temple_entry_sparse_star, gammafunk_ghost_split,
          nicolae_benzene_ring, nicolae_concentric_dashed_squares_mild
D:7:      layout_basic, kennysheep_boxes
D:8:      layout_gridville, amcnicky_altar_gilded, zin_treasury,
          erik_lair_island, hangedman_glass_teeth, corexii_checkpoint_a,
          minmay_crossroads, uniq_psyche
Temple:   grunt_temple_mini_profane

Skill      XL: |  1  2  3  4  5  6  7  8  9 |
---------------+----------------------------+-----
Fighting       | 1 2 3 4 5 6 7 |  7.5
Ice Magic      | 5 6 7 8 |  8.9
Spellcasting   | 3 4 5 6 |  6.6
Dodging        | |  2.6
Stealth        | |  2.1

Action                   |  1- 3 |  4- 6 |  7- 9 || total
-------------------------+-------+-------+-------++-------
Melee: Dagger            |    69 |    30 |       ||    99
       Unarmed           |     1 |       |       ||     1
       Punch             |     1 |       |     4 ||     5
       Short sword       |       |    76 |    34 ||   110
       Spear             |       |       |   129 ||   129
 Cast: Freeze            |    42 |    26 |    12 ||    80
       Frozen Ramparts   |       |    15 |    25 ||    40
       Ozocubu's Armour  |       |     5 |    16 ||    21
  Use: Scroll            |       |       |     3 ||     3
 Stab: Sleeping          |     2 |     2 |     4 ||     8
       Distracted        |       |       |     1 ||     1
Armor: Robe              |    32 |    38 |    42 ||   112
Dodge: Dodged            |    56 |   106 |    84 ||   246
